 Dungeon Crawl Stone Soup version 0.30-a0-359-gd0147acb1a (webtiles) character file.

Game seed: 11428567501869434962

2582 RascalDebosk the Thaumaturge (level 9, -7/71 HPs)
             Began as a Djinni Venom Mage on Nov 11, 2022.
             Was an Initiate of Ashenzari.
             Mangled by a shadow (10 damage)
             ... on level 7 of the Dungeon on Nov 12, 2022.
             The game lasted 01:20:48 (4567 turns).

RascalDebosk the Thaumaturge (Djinni Venom Mage)    Turns: 4567, Time: 01:20:49

Health: -7/71      AC:  9    Str:  7    XL:     9   Next: 88%
Gold:   14         EV: 12    Int: 21    God:    Ashenzari [......] SH:  0 Dex: 14

rFire   + + .      SeeInvis .    s - +0 long sword
rCold   . . .      Faith    .    (no shield)
rNeg    . . .      Spirit   .    w - +0 leather armour {rC+}
rPois   ∞          Reflect  .    x - +1 helmet
rElec   .          Harm     .    l - +2 cloak
rCorr   .          Rampage  .    h - +0 pair of gloves
Will    .....                    (boots unavailable)
Stlth   ++........               f - amulet of regeneration
HPRegen 1.11/turn                (no ring)
MPRegen 0.00/turn                (no ring)

@: flying
A: sickness immunity, fire resistance 2, cold vulnerability 1, float, innate
caster, HP casting, extra vitality 1
a: Renounce Religion


You were on level 7 of the Dungeon.
You worshipped Ashenzari.
Ashenzari was noncommittal.
You visited 2 branches of the dungeon, and saw 8 of its levels.

You collected 362 gold pieces.
You spent 348 gold pieces at shops.

Inventory:

Hand Weapons
 o - a +0 short sword of draining
 s - a +0 long sword (weapon)
Armour
 h - a +0 pair of gloves (worn)
 l - a +2 cloak (worn)
 w - a +0 leather armour of cold resistance (worn)
 x - a +1 helmet (worn)
Jewellery
 f - an amulet of regeneration (around neck)
Wands
 p - a wand of flame (18)
Scrolls
 b - a scroll of brand weapon {unknown}
 c - a scroll of magic mapping
 d - a scroll of enchant weapon {unknown}
 i - a scroll of identify
 k - a scroll of blinking {unknown}
 r - a scroll of butterflies
 t - 4 scrolls of teleportation
 u - a scroll of noise {unknown}
Potions
 e - 4 potions of curing
 g - 2 potions of brilliance
 m - 2 potions of ambrosia
 n - 3 potions of lignification
 q - 2 potions of heal wounds
 v - a potion of haste


   Skills:
 + Level 8.3 Fighting
 + Level 4.0 Dodging
 - Level 1.5 Stealth
 * Level 10.5 Spellcasting


You had 9 spell levels left.
You knew the following spells:

 Your Spells              Type           Power      Damage    Failure   Level
a - Sting                 Tmut/Pois      100%       1d8       1%          1
b - Poisonous Vapours     Pois/Air       100%       N/A       1%          2
c - Mephitic Cloud        Conj/Pois/Air  53%        N/A       1%          3
d - Olgreb's Toxic Radia  Pois           53%        N/A       1%          4
e - Freeze                Ice            100%       1d10      1%          1
f - Passwall              Tmut/Erth      44%        N/A       1%          2
g - Vhi's Electric Charg  Tloc/Air       100%       N/A       1%          3
h - Ice Form              Ice/Tmut       53%        N/A       1%          4
Your spell library was empty.

Dungeon Overview and Level Annotations

Branches:
Dungeon (7/15)             Temple (1/1) D:6

Altars:
Ashenzari
Dithmenos
Elyvilon
Fedhas
Gozag
Hepliaklqana
Makhleb
Nemelex Xobeh
Okawaru
Qazlal
Trog
Uskayaw
Wu Jian
Xom
Yredelemnul
Zin

Shops:
D:6 [?*(=

Annotations:
D:3 1 runed translucent door, Crazy Yiuf
Temple 2 transporters


Innate Abilities, Weirdness & Mutations

You are immune to sickness and miasma.
You are immune to poison.
Your flesh is very heat resistant. (rF++)
You are vulnerable to cold. (rC-)
You float through the air rather than walking.
You learn spells naturally, not from books.
Your magical power is your life essence.
You have superior vitality. (+4 MHP)


Message History

Aim: a shadow (68% to hit)
The puff of flame hits the shadow.
The shadow is lightly damaged.
You kill the orc!
Casting: Olgreb's Toxic Radiance (dangerous; 1% risk of failure)
Confirm with . or Enter, or press ? or * to list all spells.
You begin to radiate toxic energy.
The orc wizard is poisoned.
The orc is poisoned.
The orc looks even sicker.
The shadow hits you!
You barely miss the shadow.
The shadow is lightly damaged.
You kill the orc!
Your toxic aura wanes.
The shadow misses you.
You completely miss the shadow.
The shadow is lightly damaged.
The shadow hits you!
The shadow slips into darkness.
The shadow flickers and vanishes!
Deactivating autopickup; reactivate with Ctrl-A.
You miss something.
The shadow strikes at you from the darkness!
Reactivating autopickup.
You hit the shadow but do no damage.
The shadow is lightly damaged.
The orc wizard hits you but does no damage.
The shadow misses you.
You closely miss the shadow.
The shadow is lightly damaged.
The shadow completely misses you.
The orc wizard hits you but does no damage. x2
The shadow hits you.
You barely miss the shadow.
The shadow is lightly damaged.
The orc wizard hits you but does no damage.
The shadow hits you.
You hit the shadow.
The shadow is moderately damaged.
The orc wizard looks more healthy.
The shadow hits you.
The orc wizard hits you but does no damage. x2
The shadow hits you!
You hit the shadow.
The shadow is moderately damaged.
The orc wizard barely misses you. The shadow closely misses you.
You slash the shadow! Your punch misses the shadow.
The shadow is severely damaged.
The orc wizard barely misses you.
The shadow slips into darkness.
The shadow flickers and vanishes!
Deactivating autopickup; reactivate with Ctrl-A.
You hit something but do no damage.
The shadow strikes at you from the darkness!
* * * LOW HITPOINT WARNING * * *
Reactivating autopickup.
The orc wizard gestures at you while chanting.
You easily resist.
The orc wizard hits you but does no damage.
The shadow misses you.
Casting: Olgreb's Toxic Radiance (dangerous; 1% risk of failure)
Confirm with . or Enter, or press ? or * to list all spells.
Aiming: Poisonous Vapours (safe; 1% risk of failure)
Press: ? - help, Dir - move target, f - orc wizard, p - shadow
Aim: an orc wizard, wielding a +0 dagger and wearing a +0 robe (severely wounded) Poisonous vapours surround the orc wizard!
The orc wizard is poisoned.
* * * LOW HITPOINT WARNING * * *
The orc wizard barely misses you. The shadow hits you.
* * * LOW HITPOINT WARNING * * *
You barely miss the shadow.
The shadow is severely damaged.
The orc wizard gestures wildly while chanting.
The orc wizard flickers and vanishes!
Deactivating autopickup; reactivate with Ctrl-A.
The shadow slips into darkness.
The shadow flickers and vanishes!
You hit something.
The shadow strikes at you from the darkness!
* * * LOW HITPOINT WARNING * * *
Reactivating autopickup.
Something hits you but does no damage.
Deactivating autopickup; reactivate with Ctrl-A.
You hear some strange, mumbled words.
A puff of flame appears from out of thin air!
The puff of flame hits you. You resist.
* * * LOW HITPOINT WARNING * * *
The shadow slips into darkness.
The shadow flickers and vanishes!
You hit something but do no damage.
Reactivating autopickup.
You feel a bit more experienced.
The shadow strikes at you from the darkness!
* * * LOW HITPOINT WARNING * * *
Your Dodging skill increases to level 4!
You barely miss the shadow.
The shadow is severely damaged.
The shadow hits you.
* * * LOW HITPOINT WARNING * * *
You hit the shadow.
The shadow is almost destroyed.
The shadow closely misses you. The shadow hits you!
You die...

#..## #.........♣
#...#####.#####..♣.
.###........## ##.♣.
......##......## #.#♣.
.#.....###.....####.#♣.
#...#......<.......#♣.
#...##....##......##♣.
....##...#####......#♣.
.$.. #@.## #....#..♣.
#..).W)## ##...###.♣.
#.)....# #.#..# #..♣
#).####...####.#..#
###. .. #.......###.#
## #.#.#######<# #.##
#.#..###### #.#
#..........
##....##....


You could see a shadow.

Vanquished Creatures
  Sigmund (D:4)
  Edmund (D:6)
  2 black bears
  2 orc warriors
  A sky beast (D:4)
  An ogre (D:6)
  2 centaurs
  A phantom (D:7)
  A bullfrog (D:6)
  A scorpion (D:4)
  A howler monkey (D:5)
  A hound (D:4)
  A jelly (D:6)
  2 orc priests
  Ijyb (D:3)
  2 iguanas (D:6)
  4 orc wizards
  3 adders
  A white imp (D:7)
  3 ufetubi
  2 worms
  2 dart slugs
  35 orcs
  8 ball pythons
  A bat (D:2)
  4 endoplasms
  2 giant cockroaches
  4 goblins
  9 hobgoblins
  12 jackals
  A quokka (D:5)
  A frilled lizard (D:1)
  10 kobolds
  6 rats
129 creatures vanquished.

Notes
Turn   | Place    | Note
-------+----------+-------------------------------------------
     0 | D:1      | RascalDebosk the Djinni Venom Mage began the quest for the
                  | Orb.
     0 | D:1      | RascalDebosk set off with the following spells memorised:
                  | Sting, Poisonous Vapours, Mephitic Cloud, Olgreb's Toxic
                  | Radiance.
     0 | D:1      | Reached XP level 1. HP: 15/15 MP: 0/0
   197 | D:1      | Reached XP level 2. HP: 15/21 MP: 0/0
   391 | D:1      | Reached skill level 3 in Spellcasting
   683 | D:1      | You are sucked into a shaft and drop 1 floor!
   717 | D:2      | Reached XP level 3. HP: 19/25 MP: 0/0
   717 | D:2      | Learned a level 1 spell: Freeze
  1497 | D:3      | Reached XP level 4. HP: 22/31 MP: 0/0
  1581 | D:3      | Noticed Ijyb
  1594 | D:3      | Killed Ijyb
  1661 | D:3      | Reached skill level 4 in Spellcasting
  1742 | D:3      | Found a basalt altar of Yredelemnul.
  1886 | D:3      | Found a burning altar of Makhleb.
  1965 | D:3      | Found a runed translucent door.
  1966 | D:3      | Noticed Crazy Yiuf
  2048 | D:4      | Reached XP level 5. HP: 31/35 MP: 0/0
  2048 | D:4      | Learned a level 2 spell: Passwall
  2129 | D:4      | Noticed Sigmund
  2144 | D:4      | Killed Sigmund
  2145 | D:4      | Reached skill level 5 in Spellcasting
  2145 | D:4      | Reached skill level 1 in Fighting
  2145 | D:4      | Reached XP level 6. HP: 34/42 MP: 0/0
  2270 | D:4      | Noticed a sky beast
  2276 | D:4      | Killed a sky beast
  2277 | D:4      | Reached XP level 7. HP: 46/49 MP: 0/0
  2277 | D:4      | Learned a level 3 spell: Vhi's Electric Charge
  2366 | D:4      | Reached skill level 6 in Spellcasting
  2762 | D:5      | Entered Level 5 of the Dungeon
  2871 | D:5      | Reached XP level 8. HP: 46/56 MP: 0/0
  3399 | D:5      | Found an opulent altar of Gozag.
  3525 | D:6      | Found Celuk's Magic Scroll Boutique.
  3531 | D:6      | Bought a scroll of identify for 24 gold pieces
  3531 | D:6      | Bought a scroll of identify for 24 gold pieces
  3531 | D:6      | Bought a scroll of teleportation for 36 gold pieces
  3531 | D:6      | Bought a scroll of identify for 24 gold pieces
  3531 | D:6      | Bought a scroll of identify for 24 gold pieces
  3533 | D:6      | Reached skill level 10 in Spellcasting
  3533 | D:6      | Reached XP level 9. HP: 70/70 MP: 0/0
  3533 | D:6      | Learned a level 4 spell: Ice Form
  3603 | D:6      | Found Bisicwix's Antique Armour Shoppe.
  3824 | D:6      | Found a staircase to the Ecumenical Temple.
  3830 | Temple   | Entered the Ecumenical Temple
  3830 | Temple   | Found a transporter.
  3830 | Temple   | Found a transporter.
  3832 | Temple   | Found a transporter.
  3832 | Temple   | Found a transporter.
  3843 | Temple   | Became a worshipper of Ashenzari the Shackled
  3889 | D:6      | Noticed Edmund
  3899 | D:6      | Killed Edmund
  3963 | D:6      | Found Rabulod's Antique Weapon Boutique.
  4126 | D:6      | Found Qoketuin's Jewellery Shoppe.
  4173 | D:6      | Found Qentank's Assorted Antiques.
  4301 | D:7      | Found an ornate altar of the Wu Jian Council.
  4482 | D:6      | Bought a slimy scale mail for 216 gold pieces
  4482 | D:6      | Identified the +1 scale mail of the Hanged Man {Rampage rF-
                  | Dex+3 Stlth+} (You bought it in a shop on level 6 of the
                  | Dungeon)
  4565 | D:7      | HP: 1/71 [something (8)]
  4567 | D:7      | Mangled by a shadow

Illustrated notes

Levels and vault maps discovered:
D:1:      erik_arrival_triangle_medium, layout_loops_ring
D:2:      layout_loops_ring, kennysheep_minor_cross
D:3:      layout_rooms, mainiacjoe_overflow_catch_the_wave,
          minmay_misc_feat_doors, st_stairs_4, chequers_serial_rivers_micro_c,
          uniq_ijyb, uniq_crazy_yiuf_cottage
D:4:      layout_layer_cave, minmay_manual_monstrance, uniq_sigmund
D:5:      layout_basic, lemuel_round_altar
D:6:      layout_loops_ring, mainiacjoe_overflow_catwalk,
          minmay_temple_entry_hall, serial_shops, nicolae_shop_window_shopping,
          nicolae_shop_stone, shop, nicolae_take_the_stairs,
          kennysheep_little_box, kennysheep_generic_room_10, uniq_edmund
D:7:      layout_layer_cave, gammafunk_temple_overflow_pools,
          mainiacjoe_overflow_paths, uniq_maggie
Temple:   hellmonk_temple_divided_pantheon

Skill      XL: |  1  2  3  4  5  6  7  8  9 |
---------------+----------------------------+-----
Spellcasting   | 3 4 5 6 10 | 10.5
Fighting       | 1 2 3 8 |  8.3
Dodging        | 3 4 |  4.0
Stealth        | |  1.5

Action                   |  1- 3 |  4- 6 |  7- 9 || total
-------------------------+-------+-------+-------++-------
Melee: Short sword       |       |    22 |    11 ||    33
       Long sword        |       |       |    79 ||    79
       Unarmed           |       |       |    11 ||    11
       Punch             |       |       |     1 ||     1
 Cast: Sting             |    56 |    14 |     4 ||    74
       Poisonous Vapours |    31 |    23 |    32 ||    86
       Mephitic Cloud    |     2 |     2 |     7 ||    11
       Olgreb's Toxic Ra |       |     8 |    15 ||    23
       Vhi's Electric Ch |       |       |     7 ||     7
       Ice Form          |       |       |     1 ||     1
Evoke: Wand              |       |     4 |     3 ||     7
  Use: Scroll            |       |       |    13 ||    13
       Potion            |       |       |     1 ||     1
 Stab: Confused          |       |     1 |     1 ||     2
       Sleeping          |       |       |     2 ||     2
Armor: Robe              |     5 |     9 |    16 ||    30
       Leather armour    |       |       |    34 ||    34
       Skin              |       |       |     4 ||     4
Dodge: Dodged            |    25 |    26 |    79 ||   130

Table legend: (Time is in decaauts)
 A = Elapsed time spent in this place.
 B = Non-inter-level travel time spent in this place.
 C = Inter-level travel time spent in this place.
 D = Time resting spent in this place.
 E = Time spent auto-exploring this place.
 F = Levels seen in this place.
 G = Mean time per level.
                   A        B        C        D        E       F      G
               +--------+--------+--------+--------+--------+-----+--------+
         Total |   4597 |   4280 |    317 |     80 |   2907 |   8 |  574.6 |
       Dungeon |   4569 |   4261 |    308 |     80 |   2905 |   7 |  652.7 |
        Temple |     27 |     18 |      9 |      0 |      2 |   1 |   27.0 |
               +--------+--------+--------+--------+--------+-----+--------+

Top non-repeatable levels by time:
     D:6: 888 daAuts
     D:2: 798 daAuts
     D:4: 722 daAuts
     D:5: 704 daAuts
     D:1: 683 daAuts
     D:3: 556 daAuts
     D:7: 216 daAuts
  Temple: 27 daAuts
